[ AOE2 MATCH · #480650630 ]
Team RMPortuguese vs Celts
[ REPLAY ANALYSIS · EXTRACTED FROM THE RECORDED GAME ]
Feudal
11:27
Castle
—
Imperial
—
| APM avg | 9.2 |
| APM peak | 27 |
| eAPM avg | 3.8 |
| Villagers / military | 15 / 0 |
Focus
⚔️ 4.0% · 🌾 96.0%
Feudal
—
Castle
—
Imperial
—
| APM avg | 17.1 |
| APM peak | 62 |
| eAPM avg | 7.0 |
| Villagers / military | 41 / 0 |
Focus
⚔️ 1.9% · 🌾 98.1%
Feudal
12:15
Castle
16:05
Imperial
—
| APM avg | 18.8 |
| APM peak | 35 |
| eAPM avg | 11.3 |
| Villagers / military | 39 / 7 |
Focus
⚔️ 11.6% · 🌾 88.4%
Knight ×7
Feudal
15:26
Castle
—
Imperial
—
| APM avg | 25.3 |
| APM peak | 59 |
| eAPM avg | 11.0 |
| Villagers / military | 31 / 9 |
Focus
⚔️ 11.8% · 🌾 88.2%
Serjeant ×9
Feudal
15:19
Castle
—
Imperial
—
| APM avg | 11.6 |
| APM peak | 25 |
| eAPM avg | 8.4 |
| Villagers / military | 53 / 0 |
Focus
⚔️ 5.5% · 🌾 94.5%
Feudal
11:47
Castle
15:17
Imperial
—
| APM avg | 26.6 |
| APM peak | 49 |
| eAPM avg | 12.3 |
| Villagers / military | 34 / 0 |
Focus
⚔️ 28.7% · 🌾 71.3%
Feudal
11:23
Castle
—
Imperial
—
| APM avg | 13.9 |
| APM peak | 30 |
| eAPM avg | 8.0 |
| Villagers / military | 28 / 0 |
Focus
⚔️ 7.6% · 🌾 92.4%
Feudal
13:52
Castle
—
Imperial
—
| APM avg | 13.5 |
| APM peak | 52 |
| eAPM avg | 6.4 |
| Villagers / military | 26 / 0 |
Focus
⚔️ 6.2% · 🌾 93.8%
Match map
Initial resources + every placement click. Lines = walls · curves = elevation contours. ◆ gold · ⬟ stone · ● berries · ✦ relic · ◌ wall gap
Your base· ✓ Closed at 15:29 · 20t walls · no gate
Brown Sugar's base· ✓ Closed at 12:00 · 0t walls · no gate
LOLXD123's base· Open — opponent sealed themselves in
EmanResu's base· Open — opponent sealed themselves in
raging tom's base· ✓ Closed at 12:00 · 35t walls · no gate
Jchrish's base· Open — opponent sealed themselves in
even star's base· ✓ Closed at 12:00 · 46t walls · no gate
ParagonGL's base· Open — opponent sealed themselves in
Smoothed initial terrain · ◌ = detected wall gap · hover for details
Inputs per minute
— Smeagle - - Brown Sugar
Build order — Smeagle
27 actions detected in the replay
| 0:05 | Research | Loom |
| 0:06 | Create | Villager (Male) ×4 |
| 0:18 | Build | House |
| 0:19 | Build | House |
| 0:21 | Build | House |
| 1:31 | Build | Palisade Wall |
| 2:15 | Create | Villager (Male) |
| 2:16 | Create | Villager (Male) |
| 3:02 | Create | Villager (Male) |
| 3:26 | Create | Villager (Male) |
| 3:52 | Build | Palisade Wall |
| 4:06 | Create | Villager (Male) |
| 4:06 | Create | Villager (Male) |
| 4:06 | Create | Villager (Male) |
| 5:35 | Create | Villager (Male) |
| 5:40 | Create | Villager (Male) |
| 6:17 | Build | Mill |
| 6:53 | Create | Villager (Male) |
| 6:53 | Create | Villager (Male) |
| 7:52 | Build | Lumber Camp |
| 9:17 | Research | Feudal Age |
| 9:52 | Build | Mining Camp |
| 11:27 | Age | Feudal Age |
| 12:54 | Build | Market |
| 13:21 | Build | Market |
| 13:27 | Build | Blacksmith |
| 15:29 | Research | Castle Age |
Build order — Brown Sugar
55 actions detected in the replay
| 0:09 | Create | Villager (Male) |
| 0:09 | Create | Villager (Male) |
| 0:09 | Create | Villager (Male) |
| 0:10 | Create | Villager (Male) |
| 0:10 | Create | Villager (Male) |
| 0:16 | Build | House |
| 0:17 | Build | House |
| 1:10 | Build | Mill |
| 1:39 | Research | Loom |
| 2:51 | Create | Villager (Male) |
| 3:20 | Create | Villager (Male) |
| 3:35 | Create | Villager (Male) |
| 3:36 | Create | Villager (Male) |
| 3:36 | Create | Villager (Male) |
| 4:21 | Create | Villager (Male) |
| 4:22 | Create | Villager (Male) |
| 4:40 | Create | Villager (Male) |
| 4:45 | Build | Mill |
| 5:20 | Build | House |
| 5:24 | Create | Villager (Male) |
| 5:24 | Create | Villager (Male) |
| 5:24 | Create | Villager (Male) |
| 5:38 | Create | Villager (Male) |
| 6:10 | Create | Villager (Male) |
| 6:34 | Build | House |
| 6:41 | Create | Villager (Male) |
| 6:51 | Create | Villager (Male) |
| 7:16 | Create | Villager (Male) |
| 7:17 | Create | Villager (Male) |
| 7:32 | Create | Villager (Male) |
| 7:52 | Create | Villager (Male) |
| 8:07 | Build | House |
| 8:10 | Create | Villager (Male) |
| 8:11 | Create | Villager (Male) |
| 8:19 | Create | Villager (Male) |
| 8:24 | Build | House |
| 8:46 | Create | Villager (Male) |
| 8:53 | Create | Villager (Male) |
| 8:54 | Create | Villager (Male) |
| 8:54 | Create | Villager (Male) |
| 9:04 | Build | House |
| 9:21 | Create | Villager (Male) |
| 9:30 | Create | Villager (Male) |
| 10:42 | Build | Lumber Camp |
| 10:47 | Create | Villager (Male) |
| 10:47 | Create | Villager (Male) |
| 10:47 | Create | Villager (Male) |
| 10:48 | Create | Villager (Male) |
| 13:04 | Create | Villager (Male) |
| 13:05 | Create | Villager (Male) |
| 15:24 | Research | Feudal Age |
| 15:29 | Build | Mining Camp |
| 15:36 | Build | Mining Camp |
| 15:52 | Create | Villager (Male) |
| 15:53 | Create | Villager (Male) |
Build order — LOLXD123
75 actions detected in the replay
| 0:01 | Create | Villager (Male) |
| 0:01 | Create | Villager (Male) |
| 0:01 | Create | Villager (Male) |
| 0:03 | Build | House |
| 0:06 | Build | House |
| 0:18 | Create | Villager (Male) |
| 0:18 | Create | Villager (Male) |
| 1:26 | Create | Villager (Male) |
| 1:26 | Create | Villager (Male) |
| 1:49 | Build | Lumber Camp |
| 1:53 | Create | Villager (Male) |
| 1:53 | Create | Villager (Male) |
| 2:33 | Create | Villager (Male) |
| 2:34 | Create | Villager (Male) |
| 3:00 | Create | Villager (Male) |
| 3:00 | Create | Villager (Male) |
| 3:00 | Create | Villager (Male) |
| 3:59 | Build | House |
| 4:07 | Build | Mill |
| 4:10 | Create | Villager (Male) |
| 4:10 | Create | Villager (Male) |
| 4:11 | Create | Villager (Male) |
| 4:35 | Build | House |
| 4:46 | Create | Villager (Male) |
| 4:46 | Create | Villager (Male) |
| 5:08 | Create | Villager (Male) |
| 5:33 | Create | Villager (Male) |
| 5:33 | Create | Villager (Male) |
| 5:33 | Create | Villager (Male) |
| 6:23 | Build | Mining Camp |
| 6:45 | Create | Villager (Male) |
| 6:45 | Create | Villager (Male) |
| 6:45 | Create | Villager (Male) |
| 7:24 | Create | Villager (Male) |
| 7:25 | Create | Villager (Male) |
| 7:25 | Create | Villager (Male) |
| 7:25 | Create | Villager (Male) |
| 7:25 | Create | Villager (Male) |
| 7:28 | Build | House |
| 7:33 | Create | Villager (Male) |
| 7:38 | Create | Villager (Male) |
| 8:07 | Build | Barracks |
| 8:58 | Build | Farm |
| 8:59 | Build | Farm |
| 9:57 | Research | Feudal Age |
| 10:56 | Build | Mill |
| 11:53 | Create | Villager (Male) |
| 11:53 | Create | Villager (Male) |
| 12:15 | Age | Feudal Age |
| 12:19 | Build | Blacksmith |
| 12:30 | Build | Stable |
| 12:33 | Build | Stable |
| 12:36 | Build | Stable |
| 13:25 | Research | Castle Age |
| 13:40 | Build | Stable |
| 13:57 | Build | Farm |
| 14:14 | Build | Farm |
| 14:24 | Create | Villager (Male) |
| 14:25 | Create | Villager (Male) |
| 15:10 | Build | Stable |
| 15:20 | Build | House |
| 16:05 | Age | Castle Age |
| 16:07 | Create | Knight |
| 16:07 | Create | Knight |
| 16:07 | Create | Knight |
| 16:07 | Create | Knight |
| 16:08 | Create | Knight |
| 16:08 | Create | Knight |
| 16:10 | Create | Knight |
| 16:31 | Build | Farm |
| 16:31 | Build | Farm |
| 16:32 | Build | Farm |
| 16:40 | Build | House |
| 17:02 | Create | Villager (Male) |
| 17:03 | Create | Villager (Male) |
Build order — EmanResu
67 actions detected in the replay
| 0:01 | Research | Loom |
| 0:01 | Research | Loom |
| 0:24 | Create | Villager (Male) |
| 0:24 | Create | Villager (Male) |
| 0:24 | Create | Villager (Male) |
| 0:25 | Create | Villager (Male) |
| 0:25 | Create | Villager (Male) |
| 0:35 | Build | Palisade Wall |
| 1:06 | Build | Palisade Wall |
| 1:08 | Build | Palisade Wall |
| 1:15 | Build | House |
| 1:17 | Build | House |
| 2:38 | Build | Palisade Wall |
| 3:04 | Create | Villager (Male) |
| 3:50 | Create | Villager (Male) |
| 3:50 | Create | Villager (Male) |
| 4:31 | Build | Palisade Wall |
| 5:28 | Create | Villager (Male) |
| 5:28 | Create | Villager (Male) |
| 5:29 | Create | Villager (Male) |
| 6:17 | Build | Lumber Camp |
| 7:05 | Build | House |
| 7:15 | Create | Villager (Male) |
| 7:15 | Create | Villager (Male) |
| 7:16 | Create | Villager (Male) |
| 7:16 | Create | Villager (Male) |
| 7:50 | Build | House |
| 8:32 | Create | Villager (Male) |
| 8:54 | Build | Mill |
| 9:11 | Create | Villager (Male) |
| 9:11 | Create | Villager (Male) |
| 9:11 | Create | Villager (Male) |
| 9:11 | Create | Villager (Male) |
| 10:09 | Create | Villager (Male) |
| 11:11 | Create | Villager (Male) |
| 11:11 | Create | Villager (Male) |
| 11:11 | Create | Villager (Male) |
| 11:12 | Create | Villager (Male) |
| 11:12 | Create | Villager (Male) |
| 11:12 | Create | Villager (Male) |
| 11:34 | Build | Farm |
| 11:52 | Build | Farm |
| 13:16 | Research | Feudal Age |
| 13:42 | Build | Mining Camp |
| 14:24 | Build | Donjon |
| 14:39 | Create | Villager (Male) |
| 14:57 | Build | Mill |
| 15:26 | Age | Feudal Age |
| 15:37 | Build | Blacksmith |
| 15:46 | Create | Villager (Male) |
| 15:47 | Create | Villager (Male) |
| 15:47 | Create | Villager (Male) |
| 16:02 | Build | Mining Camp |
| 16:19 | Create | Serjeant |
| 16:20 | Create | Serjeant |
| 16:20 | Create | Serjeant |
| 16:20 | Create | Serjeant |
| 16:21 | Create | Serjeant |
| 16:21 | Create | Serjeant |
| 16:30 | Build | House |
| 16:32 | Build | House |
| 16:47 | Build | House |
| 16:48 | Build | House |
| 16:49 | Build | House |
| 16:52 | Create | Serjeant |
| 16:52 | Create | Serjeant |
| 16:53 | Create | Serjeant |
Build order — raging tom
62 actions detected in the replay
| 0:05 | Build | House |
| 0:08 | Build | House |
| 0:10 | Create | Villager (Male) ×4 |
| 0:11 | Create | Villager (Male) ×4 |
| 0:11 | Create | Villager (Male) ×4 |
| 0:24 | Research | Loom |
| 0:29 | Create | Villager (Male) |
| 0:29 | Create | Villager (Male) |
| 0:29 | Create | Villager (Male) |
| 2:22 | Build | Palisade Wall |
| 2:35 | Create | Villager (Male) |
| 2:36 | Create | Villager (Male) |
| 2:36 | Create | Villager (Male) |
| 2:36 | Create | Villager (Male) |
| 3:42 | Create | Villager (Male) |
| 3:42 | Create | Villager (Male) |
| 3:42 | Create | Villager (Male) |
| 3:43 | Create | Villager (Male) |
| 4:47 | Build | Palisade Wall |
| 4:50 | Create | Villager (Male) ×2 |
| 4:50 | Create | Villager (Male) ×2 |
| 4:50 | Create | Villager (Male) ×2 |
| 4:58 | Build | Palisade Wall |
| 5:11 | Build | House |
| 5:12 | Build | House |
| 5:15 | Create | Villager (Male) |
| 5:15 | Create | Villager (Male) |
| 5:15 | Create | Villager (Male) |
| 5:15 | Create | Villager (Male) |
| 5:16 | Create | Villager (Male) |
| 6:31 | Create | Villager (Male) |
| 6:32 | Create | Villager (Male) |
| 6:32 | Create | Villager (Male) |
| 6:32 | Create | Villager (Male) |
| 7:37 | Build | House |
| 7:38 | Build | House |
| 7:43 | Build | House |
| 7:44 | Build | House |
| 7:47 | Build | House |
| 7:49 | Build | House |
| 8:10 | Create | Villager (Male) ×4 |
| 8:38 | Create | Villager (Male) |
| 8:38 | Create | Villager (Male) |
| 8:38 | Create | Villager (Male) |
| 8:57 | Build | Lumber Camp |
| 10:27 | Build | Mill |
| 10:31 | Create | Villager (Male) |
| 10:32 | Create | Villager (Male) |
| 10:44 | Create | Villager (Male) |
| 10:44 | Create | Villager (Male) |
| 10:54 | Create | Villager (Male) |
| 10:54 | Create | Villager (Male) |
| 11:09 | Build | Mill |
| 11:58 | Build | Mill |
| 13:09 | Research | Feudal Age |
| 13:28 | Build | Mining Camp |
| 13:42 | Build | Mining Camp |
| 15:08 | Create | Villager (Male) |
| 15:08 | Create | Villager (Male) |
| 15:19 | Age | Feudal Age |
| 15:42 | Research | Gold Mining |
| 16:04 | Build | Market |
Build order — Jchrish
59 actions detected in the replay
| 0:04 | Create | Villager (Male) |
| 0:04 | Create | Villager (Male) |
| 0:05 | Create | Villager (Male) |
| 0:05 | Create | Villager (Male) |
| 0:05 | Create | Villager (Male) |
| 1:25 | Create | Villager (Male) |
| 1:25 | Create | Villager (Male) |
| 1:34 | Create | Villager (Male) |
| 1:34 | Create | Villager (Male) |
| 1:49 | Build | Lumber Camp |
| 2:31 | Create | Villager (Male) |
| 3:00 | Create | Villager (Male) |
| 3:30 | Create | Villager (Male) |
| 3:30 | Create | Villager (Male) |
| 3:45 | Create | Villager (Male) |
| 3:46 | Create | Villager (Male) |
| 4:47 | Create | Villager (Male) |
| 4:47 | Create | Villager (Male) |
| 4:48 | Create | Villager (Male) |
| 5:17 | Build | Mill |
| 5:25 | Create | Villager (Male) |
| 5:27 | Create | Villager (Male) |
| 6:17 | Create | Villager (Male) |
| 6:43 | Create | Villager (Male) |
| 6:57 | Build | Mill |
| 7:06 | Create | Villager (Male) |
| 7:11 | Create | Villager (Male) |
| 8:03 | Create | Villager (Male) |
| 8:44 | Build | Mining Camp |
| 9:12 | Create | Villager (Male) |
| 9:24 | Research | Feudal Age |
| 9:53 | Build | Mining Camp |
| 10:32 | Create | Villager (Male) |
| 10:34 | Create | Villager (Male) |
| 11:47 | Age | Feudal Age |
| 11:48 | Build | Blacksmith |
| 11:51 | Build | Market |
| 12:31 | Research | Castle Age |
| 12:31 | Research | Castle Age |
| 12:31 | Research | Castle Age |
| 13:03 | Research | Horse Collar |
| 13:17 | Build | Farm |
| 13:26 | Build | Farm |
| 13:27 | Build | Farm |
| 14:01 | Create | Villager (Male) |
| 14:02 | Create | Villager (Male) |
| 14:15 | Build | Lumber Camp |
| 14:49 | Research | Double-Bit Axe |
| 14:53 | Create | Villager (Male) |
| 14:59 | Build | Farm |
| 15:13 | Build | Farm |
| 15:17 | Age | Castle Age |
| 15:28 | Create | Villager (Male) |
| 15:37 | Build | Farm |
| 16:22 | Build | Castle |
| 16:35 | Create | Villager (Male) |
| 16:49 | Build | Mining Camp |
| 16:53 | Create | Villager (Male) |
| 17:00 | Research | Scale Barding Armor |
Build order — even star
52 actions detected in the replay
| 0:03 | Build | House |
| 0:04 | Build | House |
| 0:06 | Research | Loom |
| 0:07 | Create | Villager (Male) ×4 |
| 0:51 | Build | Palisade Wall |
| 1:18 | Build | Palisade Wall |
| 2:08 | Build | Outpost |
| 2:39 | Build | House |
| 2:42 | Create | Villager (Male) |
| 2:53 | Build | Outpost |
| 2:58 | Create | Villager (Male) |
| 3:41 | Create | Villager (Male) |
| 3:57 | Create | Villager (Male) |
| 4:14 | Build | House |
| 4:56 | Create | Villager (Male) |
| 5:24 | Create | Villager (Male) |
| 5:32 | Create | Villager (Male) |
| 6:18 | Create | Villager (Male) |
| 6:39 | Create | Villager (Male) |
| 6:48 | Build | Mill |
| 7:02 | Create | Villager (Male) |
| 7:13 | Create | Villager (Male) |
| 7:35 | Create | Villager (Male) |
| 7:44 | Build | Lumber Camp |
| 8:00 | Create | Villager (Male) |
| 8:23 | Create | Villager (Male) |
| 8:56 | Research | Feudal Age |
| 9:30 | Build | Mining Camp |
| 9:41 | Build | Mining Camp |
| 11:07 | Build | Barracks |
| 11:10 | Build | House |
| 11:23 | Age | Feudal Age |
| 11:39 | Build | Watch Tower |
| 11:51 | Build | Stone Wall |
| 12:14 | Create | Villager (Male) |
| 12:15 | Create | Villager (Male) |
| 12:28 | Build | House |
| 12:32 | Create | Villager (Male) |
| 12:53 | Build | Mill |
| 13:00 | Create | Villager (Male) |
| 13:09 | Build | Mining Camp |
| 13:33 | Create | Villager (Male) |
| 13:33 | Create | Villager (Male) |
| 13:50 | Create | Villager (Male) |
| 14:22 | Build | Farm |
| 14:23 | Build | Farm |
| 14:24 | Build | Farm |
| 14:26 | Create | Villager (Male) |
| 14:42 | Build | Stone Wall |
| 15:02 | Build | Stone Wall |
| 15:07 | Create | Villager (Male) |
| 15:23 | Create | Villager (Male) |
Build order — ParagonGL
54 actions detected in the replay
| 0:02 | Create | Villager (Male) |
| 0:03 | Create | Villager (Male) |
| 0:03 | Create | Villager (Male) |
| 0:03 | Create | Villager (Male) |
| 0:03 | Create | Villager (Male) |
| 0:08 | Build | House |
| 0:10 | Build | House |
| 1:33 | Create | Villager (Male) |
| 2:17 | Build | Lumber Camp |
| 2:23 | Create | Villager (Male) |
| 2:23 | Create | Villager (Male) |
| 3:09 | Create | Villager (Male) |
| 3:49 | Create | Villager (Male) |
| 4:24 | Build | House |
| 4:25 | Create | Villager (Male) |
| 4:54 | Build | Palisade Wall |
| 5:00 | Build | House |
| 5:04 | Build | Mill |
| 5:05 | Create | Villager (Male) |
| 5:35 | Create | Villager (Male) |
| 6:35 | Build | Palisade Wall |
| 6:44 | Create | Villager (Male) |
| 6:44 | Create | Villager (Male) |
| 7:45 | Create | Villager (Male) |
| 7:46 | Create | Villager (Male) |
| 7:48 | Create | Villager (Male) |
| 7:50 | Create | Villager (Male) |
| 7:50 | Create | Villager (Male) |
| 8:16 | Build | Lumber Camp |
| 9:13 | Build | House |
| 9:24 | Build | Farm |
| 9:28 | Build | Farm |
| 9:52 | Build | Farm |
| 9:57 | Create | Villager (Male) |
| 9:57 | Create | Villager (Male) |
| 10:04 | Build | Farm |
| 10:13 | Build | Farm |
| 10:26 | Build | Farm |
| 10:52 | Create | Villager (Male) |
| 10:53 | Create | Villager (Male) |
| 11:10 | Build | Mining Camp |
| 11:13 | Research | Feudal Age |
| 11:23 | Build | Mining Camp |
| 13:06 | Create | Villager (Male) |
| 13:07 | Create | Villager (Male) |
| 13:52 | Age | Feudal Age |
| 13:57 | Research | Horse Collar |
| 14:08 | Build | Market |
| 14:18 | Build | Blacksmith |
| 15:06 | Research | Castle Age |
| 15:18 | Build | House |
| 15:50 | Build | House |
| 16:50 | Research | Double-Bit Axe |
| 16:55 | Research | Gold Mining |
Match timeline
| 0:35 | EmanResu · wall_segment Palisade Wall x7 |
| 0:51 | even star · wall_segment Palisade Wall x15 |
| 1:06 | EmanResu · wall_segment Palisade Wall x7 |
| 1:08 | EmanResu · wall_segment Palisade Wall x1 |
| 1:18 | even star · wall_segment Palisade Wall x12 |
| 1:31 | Smeagle · wall_segment Palisade Wall x10 |
| 2:22 | raging tom · wall_segment Palisade Wall x15 |
| 2:38 | EmanResu · wall_segment Palisade Wall x9 |
| 3:52 | Smeagle · wall_segment Palisade Wall x10 |
| 4:31 | EmanResu · wall_segment Palisade Wall x7 |
| 4:47 | raging tom · wall_segment Palisade Wall x1 |
| 4:54 | ParagonGL · wall_segment Palisade Wall x7 |
| 4:58 | raging tom · wall_segment Palisade Wall x19 |
| 6:35 | ParagonGL · wall_segment Palisade Wall x7 |
| 8:07 | LOLXD123 · first_building Barracks |
| 11:07 | even star · first_building Barracks |
| 11:23 | even star · age_up feudal |
| 11:27 | Smeagle · age_up feudal |
| 11:47 | Jchrish · age_up feudal |
| 11:51 | even star · wall_segment Stone Wall x19 |
| 12:15 | LOLXD123 · age_up feudal |
| 12:30 | LOLXD123 · first_building Stable |
| 13:52 | ParagonGL · age_up feudal |
| 14:24 | EmanResu · first_building Donjon |
| 14:42 | even star · wall_segment Stone Wall x12 |
| 15:02 | even star · wall_segment Stone Wall x6 |
| 15:17 | Jchrish · age_up castle |
| 15:19 | raging tom · age_up feudal |
| 15:26 | EmanResu · age_up feudal |
| 15:52 | even star · resign |
| 16:05 | LOLXD123 · age_up castle |
| 16:22 | Jchrish · first_building Castle |
[ AI ANALYSIS · 1 CREDIT ]
What really happened in this match?
Wolo.gg analyzes every decision: build order, eco, micro, common mistakes by bracket. Personalized analysis on WhatsApp or Discord in 30 seconds.
Civ guide
Portuguese
Map guide
Black Forest
Perfil
Jugador #25437459